 Dungeon Crawl Stone Soup version 0.23-a0-358-g98c7a59 (webtiles) character file.

361 Mgcat the Skirmisher (level 6, -5/35 HPs)
             Began as a Vine Stalker Fighter on Oct 22, 2018.
             Was a Follower of Dithmenos.
             Slain by Grinder (6 damage)
             ... on level 3 of the Dungeon.
             The game lasted 00:06:16 (2451 turns).

Mgcat the Skirmisher (Vine Stalker Fighter)         Turns: 2451, Time: 00:06:17

Health: -5/35      AC:  6    Str: 21    XL:     6   Next: 66%
Magic:  0/7        EV:  9    Int:  8    God:    Dithmenos [*.....]
Gold:   157        SH:  4    Dex: 13    Spells: 5/5 levels left

rFire    . . .     SeeInvis .   a - +0 war axe
rCold    . . .     Gourm    .   m - +0 buckler
rNeg     . . .     Faith    .   b - +0 scale mail
rPois    .         Spirit   +   (no helmet)
rElec    .         Reflect  .   (no cloak)
rCorr    .         Harm     .   (no gloves)
MR       .....                  (no boots)
Stlth    ..........             (no amulet)
HPRegen  0.51/turn              (no ring)
MPRegen  0.10/turn              (no ring)

@: wreathed by umbra
A: fangs 2, regeneration 1, magic shield, antimagic bite, no potion heal 3, rot
immunity
a: Renounce Religion


You were on level 3 of the Dungeon.
You worshipped Dithmenos.
Dithmenos was aware of your devotion.
You were not hungry.

You visited 1 branch of the dungeon, and saw 4 of its levels.
You also visited: Sewer.

You collected 157 gold pieces.

Inventory:

Hand Weapons
 a - a +0 war axe (weapon)
 o - a +0 whip of flaming
   (You took it off a gnoll on level 1 of the Dungeon)
Missiles
 k - 2 throwing nets {=f, !d}
Armour
 b - a +0 scale mail (worn)
 c - a +0 shield
 m - a +0 buckler (worn)
   (You found it on level 1 of the Dungeon)
Magical Staves
 d - an uncursed staff of summoning {!a}
   (You took it off an orc on level 3 of the Dungeon)
Scrolls
 e - 2 scrolls of remove curse {unknown}
 g - 6 scrolls of teleportation {unknown}
 h - 2 scrolls of fog {unknown}
 i - 2 scrolls of amnesia {unknown}
 j - 2 scrolls of magic mapping {unknown}
 l - 2 scrolls of identify {unknown}
 n - 3 scrolls of blinking {unknown}
 p - a scroll of enchant weapon {unknown}
 r - a scroll of immolation {unknown}
 s - a scroll of fear {unknown}
Comestibles
 f - 9 rations


   Skills:
 - Level 5.0 Fighting
 + Level 4.6 Axes
 - Level 2.4 Armour
 - Level 2.6 Shields


You had 5 spell levels left.
You didn't know any spells.
Your spell library was empty.

Dungeon Overview and Level Annotations

Branches:
Dungeon (4/15)
 Temple: D:4-7

Altars:
Dithmenos
Fedhas
Yredelemnul
Zin

Annotations:
D:3 Grinder


Innate Abilities, Weirdness & Mutations

You have extremely sharp teeth.
Your natural rate of healing is unusually fast.
When hurt, damage is shared between your health and your magic reserves.
Your bite disrupts and absorbs the magic of your enemies.
Potions cannot restore your health.
You are immune to rotting.


Message History

The adder bites you but does no damage. x2
You closely miss the adder. You bite the adder, but do no damage.
The adder closely misses you. You block the adder's attack.
You miss the adder. Your bite misses the adder. The adder closely misses you.
You miss the adder. The adder closely misses you. The adder bites you.
You are poisoned.
The adder poisons you!
You slash the adder! You bite the adder.
You kill the adder!
Dithmenos accepts your kill.
You feel sick.
No target in view!
No target in view!
You feel sick.
There is an escape hatch in the ceiling here.
Magic restored.
A mysterious force pulls you upwards. The hatch slams shut behind you.
You feel sick.
(D) Dungeon
Where to? (Enter - D:3 @ (x,y), ? - help)
What level of the Dungeon? (default 1, ? - help)
You feel sick.
You feel sick.
You feel sick.
HP restored.
You feel sick.
You feel sick.
You are no longer poisoned.
You see here a cursed -3 whip.
Key pressed, stopping travel.
Unknown command.
(D) Dungeon
Where to? (Enter - D:4, ? - help)
What level of the Dungeon? (default 1, ? - help)
You see here a stone.
Things that are here:
14 stones; a +0 spear
There is a stone staircase leading up here.
There is a stone staircase leading down here.
You climb downwards.
Level annotation: Grinder
There is a stone staircase leading up here.
Eating a chunk of flesh {@w0}.
You eat the chunk of flesh {@w0}.
This raw flesh tastes terrible.
There is a stone staircase leading down here.
You see here a club.
You climb downwards.
A hound, a worm and 7 dart slugs come into view.
The hound barks!
You hear an angry hiss.
Found seven items.
Found a stone staircase leading up.
There is a stone staircase leading up here.
You climb upwards.
Level annotation: Grinder
There is a stone staircase leading down here.
You see here a club.
Wield which item (- for none, * to show all)? (? for menu, Esc to quit)
Okay, then.
Unknown command.
Press: ? - help, v - describe, . - travel
Here: Grinder The floor.
Unknown command.
Unknown command.
Grinder blinks!
You start waiting.
Grinder is too close now for your liking.
You start waiting.
Grinder is too close now for your liking.
You start waiting.
Grinder is too close now for your liking.
You aren't carrying any potions.
Unknown command.
You slash Grinder!
Grinder is moderately wounded.
Grinder barely misses you.
You barely miss Grinder.
Grinder is moderately wounded.
Grinder gestures at you. Pain shoots through your body!
You hit Grinder but do no damage. You bite Grinder.
Grinder's magic leaks into the air.
You drain her magic.
You feel invigorated.
Grinder is moderately wounded.
Grinder barely misses you. Grinder hits you.
You writhe in agony.
You slash Grinder! Your bite misses Grinder.
Grinder is heavily wounded.
Grinder closely misses you.
You hit Grinder but do no damage. Your bite misses Grinder.
Grinder is heavily wounded.
Grinder gestures at you. Pain shoots through your body!
You barely miss Grinder. Your bite misses Grinder.
Grinder is heavily wounded.
Grinder hits you.
* * * LOW HITPOINT WARNING * * *
You writhe in agony.
* * * LOW HITPOINT WARNING * * *
Grinder hits you.
* * * LOW HITPOINT WARNING * * *
You writhe in agony.
You die...

#######.....####...#### .####
........##### #.#.# ..#..
....##### #.#.# #.#.# ....# #.#.#
#.#.. ...># #.#.# #...#
....###### #.#.# #####...#
.........#######.#.# ####......##
...#####.......5.#.###......##...
.<.###########.#@....#.#.#####.##
........######.###>............##
..#####.......5..5..##......##..#
...# #######....................
...## #####..........###.######..
....###..........#.### #.# ##.
...................#####.##### #.
.#(............(.............###)
####.#.<###..####..#.#######.....


You could see Grinder.

Vanquished Creatures
  Purgy (Sewer)
  An orc wizard (D:3)
  Terence (D:3)
  A worker ant (D:2)
  3 gnolls
  8 adders
  2 oozes
  A dart slug (D:1)
  3 leopard geckos
  7 orcs (D:3)
  A ball python (D:3)
  6 giant cockroaches
  9 hobgoblins
  7 bats
  3 frilled lizards
  7 goblins
  11 kobolds
  8 rats
  A spectral orc (D:3)
81 creatures vanquished.

Notes
Turn   | Place    | Note
-------+----------+-------------------------------------------
     0 | D:1      | Mgcat the Vine Stalker Fighter began the quest for the Orb.
     0 | D:1      | Reached XP level 1. HP: 11/11 MP: 2/2
   184 | D:1      | Reached skill level 2 in Axes
   249 | D:1      | Reached skill level 3 in Fighting
   249 | D:1      | Reached XP level 2. HP: 16/16 MP: 3/3
   802 | D:2      | Reached XP level 3. HP: 15/20 MP: 2/4
   915 | D:2      | Found a shadowy altar of Dithmenos.
   917 | D:2      | Found a glowing silver altar of Zin.
   956 | D:2      | Became a worshipper of Dithmenos the Shadowed
  1036 | D:2      | HP: 4/20 [worker ant (2)]
  1039 | D:2      | Reached skill level 3 in Axes
  1039 | D:2      | Gained mutation: Your natural rate of healing is unusually
                  | fast. [Vine Stalker growth]
  1039 | D:2      | Reached XP level 4. HP: 6/25 MP: 1/5
  1313 | D:1      | Reached skill level 4 in Fighting
  1333 | D:2      | Reached XP level 5. HP: 29/29 MP: 6/6
  1554 | D:2      | Found a blossoming altar of Fedhas.
  1680 | D:3      | Reached * piety under Dithmenos
  1717 | D:3      | Found a basalt altar of Yredelemnul.
  1784 | D:3      | Found a glowing drain.
  1788 | Sewer    | Entered a sewer
  1796 | Sewer    | Noticed Purgy
  1801 | Sewer    | Killed Purgy
  1801 | Sewer    | Reached skill level 4 in Axes
  1801 | Sewer    | Reached XP level 6. HP: 22/34 MP: 4/7
  2060 | D:3      | Noticed Terence
  2074 | D:3      | Killed Terence
  2114 | D:3      | Reached skill level 5 in Fighting
  2277 | D:3      | Noticed Grinder
  2451 | D:3      | HP: 5/35 [Grinder (4)]
  2451 | D:3      | HP: 1/35 [Grinder (4)]
  2451 | D:3      | Slain by Grinder

Vault maps used:
D:1:      dpeg_arrival_leaves_temple_mockup, hangedman_decor_points
D:2:      chequers_temple_overflow_statue_of_worship,
          lemuel_coloured_pillars_altar, eino_tiny_chamber
D:3:      yredelemnul_forgotten_temple_becter, gup_sewer_entry_bowl,
          uniq_terence, uniq_grinder
D:4:      kennysheep_slugbush, first_ration
Sewer:    kennysheep_door_sewer

Skill      XL: |  1  2  3  4  5  6 |
---------------+-------------------+-----
Axes           | 2 3 4 |  4.6
Fighting       | 3 4 5 |  5.0
Armour         | |  2.4
Shields        | |  2.6

Action                   |  1- 3 |  4- 6 || total
-------------------------+-------+-------++-------
Melee: War axe           |   101 |   167 ||   268
       Bite              |    24 |    48 ||    72
  Use: Potion            |     2 |     2 ||     4
  Eat: Chunk             |     1 |     5 ||     6
Armor: Scale mail        |    44 |    90 ||   134
Dodge: Dodged            |    48 |    95 ||   143
Block: Shield            |    16 |       ||    16
       Buckler           |    17 |    45 ||    62

Table legend:
 A = Non-vault XP
 B = Vault XP
 C = Vault XP percentage of total XP
 D = Non-vault monster count
 E = Vault monster count
 F = Vault count percentage of total count
                 A         B        C        D         E       F
            +---------+---------+-------+---------+---------+-------
      Total |     332 |     184 |  35.7 |      70 |      11 |  13.6
            +---------+---------+-------+---------+---------+-------
        D:1 |      65 |       0 |   0.0 |      23 |       0 |   0.0
        D:2 |     116 |       0 |   0.0 |      23 |       0 |   0.0
        D:3 |     151 |      45 |  23.0 |      24 |       5 |  17.2
      Sewer |       0 |     139 | 100.0 |       0 |       6 | 100.0
            +---------+---------+-------+---------+---------+-------

Vault maps used:
D:1:      dpeg_arrival_leaves_temple_mockup, hangedman_decor_points
D:2:      chequers_temple_overflow_statue_of_worship,
          lemuel_coloured_pillars_altar, eino_tiny_chamber
D:3:      yredelemnul_forgotten_temple_becter, gup_sewer_entry_bowl,
          uniq_terence, uniq_grinder
D:4:      kennysheep_slugbush, first_ration
Sewer:    kennysheep_door_sewer

Table legend:
 A = Turns spent in this place as a percentage of turns spent in the entire game.
 B = Non-inter-level travel turns spent in this place as a percentage of non-inter-level travel turns spent in the entire game.
 C = Inter-level travel turns spent in this place as a percentage of turns spent in this place.
 D = Turns resting spent in this place as a percentage of non-inter-level travel turns spent in this place.
 E = Turns spent auto-exploring this place as a percentage of non-inter-level travel turns spent in this place.
 F = Non-inter-level travel turns spent in this place divided by the number of levels of this place that you've seen.
                   A       B       C       D       E      F
               +-------+-------+-------+-------+-------+----------------------
         Total | 100.0 | 100.0 |   9.3 |   3.1 |  65.9 | 444.6
       Dungeon |  95.2 |  94.7 |   9.8 |   3.3 |  69.4 | 526.5
         Sewer |   4.8 |   5.3 |   0.0 |   0.0 |   4.3 | 117.0
               +-------+-------+-------+-------+-------+----------------------

Table legend:
 A = Kills in this place as a percentage of kills in entire the game.
 B = Kills by you in this place as a percentage of kills by you in the entire game.
 C = Kills by friends in this place as a percentage of kills by friends in the entire game.
 D = Other kills in this place as a percentage of other kills in the entire game.
 E = Experience gained in this place as a percentage of experience gained in the entire game.
 F = Experience gained in this place divided by the number of levels of this place that you have seen.
                   A       B       C       D       E      F
               +-------+-------+-------+-------+-------+----------------------
         Total | 100.0 | 100.0 |   N/A |   N/A | 100.0 | 103.2
       Dungeon |  92.6 |  92.6 |   N/A |   N/A |  73.1 |  94.2
         Sewer |   7.4 |   7.4 |   N/A |   N/A |  26.9 | 139.0
               +-------+-------+-------+-------+-------+----------------------
